Map: Simulation de réalités EC

Players

typhenke

  • Race: Protoss Protoss
  • League: Silver
  • Spawn Location: 3:00

Lunkan

  • Race: Protoss Protoss
  • League: Gold
  • Spawn Location: 5:00

Pappajohan

  • Race: Terran Terran
  • League: Gold
  • Spawn Location: 6:00

Nonos - Winner!

  • Race: Zerg Zerg
  • League: Gold
  • Spawn Location: 11:00

Slexis - Winner!

  • Race: Terran Terran
  • League: Gold
  • Spawn Location: 12:00

PANDANBK - Winner!

  • Race: Protoss Protoss
  • Spawn Location: 9:00

VOD

Have the link to the VOD?

Description

Time

  • Played on: Jan. 14, 2021, 3:56 p.m.
  • Length: 9:30
Show
View Real Time Build Order
Export as new Build Order

typhenke Protoss 

Build Orders:  

Get SALT Encoding   

  12  0:00  Probe  
  13  0:20  Probe  
  14  0:22  Pylon  
  14  0:32  Probe  
  15  0:46  Gateway  
  15  0:48  Probe  
  16  0:54  Assimilator  
  16  1:00  Probe (Chrono Boost)  
  16  1:02  Pylon  
  17  1:09  Probe (Chrono Boost)  
  18  1:23  Probe  
  19  1:35  Cybernetics Core, Probe  
  20  1:41  Gateway  
  20  1:45  Pylon  
  20  1:47  Probe (Chrono Boost)  
  21  1:59  Probe (Chrono Boost)  
  22  2:12  Nexus  
  22  2:17  Pylon  
  22  2:18  Probe (Chrono Boost)  
  23  2:29  Stalker  
  26  2:30  Probe (Chrono Boost)  
  26  2:35  Probe (Chrono Boost)  
  27  2:40  Assimilator  
  27  2:43  Stalker  
  29  2:54  Probe  
  30  3:06  Probe  
  31  3:18  Probe  
  31  3:19  Stalker  
  34  3:32  Robotics Facility  
  34  3:33  Probe (Chrono Boost)  
  36  3:34  Probe (Chrono Boost)  
  36  3:40  Stalker  
  38  3:43  Probe x2 (Chrono Boost)  
  40  3:52  Forge  
  40  3:54  Probe x2  
  42  4:04  Assimilator  
  42  4:06  Probe  
  42  4:07  Assimilator, Probe  
  44  4:13  Stalker  
  44  4:14  Stalker  
  48  4:18  Probe  
  48  4:19  Probe  
  50  4:25  Twilight Council  
  50  4:28  Pylon  
  50  4:30  Probe  
  51  4:32  Pylon  
  51  4:34  Observer  
  52  4:38  Probe  
  52  4:42  Probe  
  52  4:43  Stalker  
  56  4:51  Probe  
  57  4:55  Probe  
  58  5:02  Nexus  
  58  5:11  Pylon  
  58  5:13  Probe x2  
  60  5:14  Pylon  
  60  5:25  Dark Shrine  
  60  5:28  Immortal  
  64  5:34  Probe (Chrono Boost)  
  64  5:35  Probe (Chrono Boost)  
  66  5:44  Probe x2 (Chrono Boost)  
  48  6:11  Stalker (Chrono Boost)  
  48  6:13  Shield Battery  
  44  6:20  Stalker (Chrono Boost)  
  31  6:25  Probe  
  31  6:26  Probe  
  17  6:33  Stalker (Chrono Boost)  
  17  6:38  Probe  
  13  6:42  Probe  
  13  6:43  Stalker (Chrono Boost)  
  13  6:50  Probe  
  13  6:54  Probe  
  13  7:00  Dark Templar (Chrono Boost)  
  12  7:02  Probe  
  12  7:05  Dark Templar (Chrono Boost)  
  12  7:06  Probe  
  15  7:14  Probe  
  16  7:18  Probe  
  17  7:26  Probe  
  17  7:32  Dark Templar  
  17  7:49  Probe  
  17  7:50  Probe  
  19  8:02  Probe x2  
  18  8:42  Dark Templar  
  20  9:11  Pylon  
  12  9:17  Probe  
Show
View Real Time Build Order
Export as new Build Order

Lunkan Protoss 

Build Orders:  

Get SALT Encoding   

  12  0:00  Probe  
  13  0:17  Probe  
  13  0:18  Pylon  
  14  0:29  Probe  
  15  0:39  Gateway  
  15  0:41  Probe (Chrono Boost)  
  16  0:45  Assimilator  
  16  0:53  Probe (Chrono Boost)  
  17  0:58  Probe (Chrono Boost)  
  17  0:59  Assimilator  
  18  1:07  Probe (Chrono Boost)  
  20  1:19  Probe (Chrono Boost)  
  20  1:26  Probe (Chrono Boost)  
  20  1:28  Cybernetics Core  
  21  1:34  Probe  
  22  1:46  Probe  
  23  1:47  Pylon  
  23  1:52  Pylon  
  23  2:05  Probe  
  24  2:12  Stargate  
  24  2:15  Stargate  
  24  2:17  Probe  
  26  2:30  Probe  
  26  2:40  Nexus  
  26  2:50  Assimilator  
  26  2:53  Assimilator  
  26  2:55  Void Ray (Chrono Boost)  
  30  3:13  Void Ray (Chrono Boost)  
  34  3:26  Probe  
  35  3:39  Probe  
  36  3:49  Pylon  
  36  3:50  Pylon  
  36  3:51  Probe  
  36  3:53  Void Ray (Chrono Boost)  
  41  4:00  Void Ray (Chrono Boost)  
  45  4:26  Void Ray (Chrono Boost)  
  45  4:30  Void Ray  
  53  4:53  Forge  
  53  4:56  Probe (Chrono Boost)  
  54  5:01  Protoss Air Weapons Level 1  
  56  5:07  Probe (Chrono Boost)  
  56  5:08  Probe (Chrono Boost)  
  56  5:12  Probe (Chrono Boost)  
  57  5:14  Probe  
  58  5:23  Probe  
  59  5:52  Void Ray (Chrono Boost)  
  59  5:59  Void Ray (Chrono Boost)  
  40  7:12  Photon Cannon  
  40  7:13  Photon Cannon  
  34  7:17  Photon Cannon  
  33  7:27  Pylon  
  32  7:30  Pylon  
  30  7:39  Pylon  
  30  7:41  Pylon  
  30  7:58  Pylon  
  30  8:04  Photon Cannon  
  30  8:05  Photon Cannon  
  30  8:07  Photon Cannon  
  20  8:13  Pylon  
  8  8:27  Pylon  
  5  8:42  Pylon  
Show
View Real Time Build Order
Export as new Build Order

Pappajohan Terran 

Build Orders: 2 Factory, Mech 

Get SALT Encoding   

  12  0:00  SCV  
  13  0:12  SCV  
  14  0:22  Supply Depot  
  14  0:24  SCV  
  15  0:44  SCV  
  15  0:45  Barracks  
  16  0:56  SCV, Refinery  
  17  1:13  SCV  
  18  1:25  SCV  
  20  1:41  Orbital Command  
  19  1:48  Command Center  
  19  1:58  Refinery  
  19  2:05  Factory  
  19  2:07  SCV  
  20  2:19  SCV  
  21  2:29  Supply Depot  
  21  2:31  SCV  
  21  2:42  Reaper  
  21  2:55  SCV  
  22  3:00  Orbital Command  
  22  3:07  SCV  
  22  3:10  Factory Tech Lab  
  23  3:13  Factory  
  23  3:14  Reaper  
  24  3:27  SCV  
  24  3:28  SCV  
  26  3:39  SCV  
  26  3:40  SCV, Supply Depot  
  28  3:51  SCV  
  28  3:52  SCV  
  30  4:04  SCV x2  
  30  4:09  Supply Depot  
  32  4:15  Factory Reactor  
  32  4:16  SCV x2  
  34  4:17  Siege Tank  
  37  4:32  Supply Depot  
  37  4:33  Command Center  
  37  4:37  SCV x2  
  39  4:49  SCV x2  
  41  4:53  Refinery  
  41  4:54  Supply Depot  
  41  5:01  SCV x2  
  41  5:06  Siege Tank, Hellion x2  
  50  5:12  Armory  
  50  5:13  SCV  
  51  5:16  SCV, Engineering Bay  
  51  5:17  Supply Depot  
  52  5:25  SCV  
  52  5:27  Refinery  
  52  5:28  SCV  
  54  5:31  Hellion x2  
  58  5:37  SCV  
  58  5:39  Supply Depot  
  58  5:40  SCV  
  48  6:02  Hellion  
  48  6:03  Thor, Hellion  
  55  6:19  SCV x3  
  58  6:26  Hellbat  
  58  6:31  SCV x2, Hellbat  
  62  6:46  Thor  
  64  6:48  Hellbat  
  64  6:52  Hellbat  
  68  6:56  Factory  
  68  6:58  Factory  
  56  7:23  Hellbat x2  
  54  7:44  Hellbat x2  
  54  7:46  Hellion x2  
  38  7:59  SCV  
  43  8:05  Hellion  
  43  8:06  Hellion  
  43  8:07  Hellbat  
  43  8:11  SCV  
  36  8:23  SCV  
  39  8:27  Hellion x2  
  33  8:35  SCV  
  32  9:15  SCV  
  32  9:16  SCV  
  34  9:20  Command Center  
  34  9:23  Refinery  
  34  9:25  Refinery  
Show
View Real Time Build Order
Export as new Build Order

Nonos Zerg - Winner!

Build Orders: Hatch First 

Get SALT Encoding   

  12  0:00  Drone  
  13  0:13  Overlord  
  13  0:16  Drone  
  14  0:32  Drone x2  
  16  0:50  Hatchery  
  16  0:52  Drone  
  16  1:07  Spawning Pool  
  16  1:10  Drone  
  16  1:13  Extractor  
  16  1:17  Drone  
  16  1:20  Drone  
  17  1:33  Drone  
  17  1:39  Drone  
  19  1:44  Drone  
  20  1:53  Drone  
  21  2:01  Queen  
  21  2:02  Extractor  
  21  2:05  Roach Warren  
  21  2:06  Drone x2  
  23  2:13  Drone  
  24  2:22  Drone  
  25  2:25  Drone  
  25  2:26  Drone  
  27  2:40  Metabolic Boost  
  27  2:42  Overlord  
  27  2:44  Drone  
  28  2:48  Lair  
  28  2:53  Overlord  
  28  3:02  Drone x3  
  31  3:12  Drone x5  
  36  3:19  Overlord  
  36  3:26  Roach  
  38  3:28  Overlord  
  38  3:41  Evolution Chamber  
  37  3:49  Drone x3, Hydralisk Den  
  37  3:50  Zergling x4, Drone  
  42  3:56  Drone  
  43  4:05  Roach  
  45  4:14  Roach x2  
  45  4:16  Queen  
  49  4:18  Roach  
  49  4:24  Zerg Missile Weapons Level 1  
  53  4:27  Hydralisk  
  53  4:28  Hydralisk  
  53  4:31  Roach  
  59  4:32  Overlord x2  
  59  4:35  Drone  
  60  4:44  Glial Reconstitution  
  60  4:47  Overlord  
  60  4:52  Hydralisk x2  
  64  5:13  Ravager  
  65  5:17  Ravager  
  65  5:19  Zergling x4  
  65  5:20  Zergling x6  
  71  5:23  Extractor  
  71  5:25  Extractor  
  69  5:32  Roach x3  
  73  5:51  Hatchery  
  57  6:09  Roach x4, Hydralisk  
  57  6:10  Roach x2  
  70  6:16  Spore Crawler  
  69  6:19  Spore Crawler  
  69  6:21  Hatchery  
  67  6:37  Hydralisk x3  
  70  6:47  Zergling x6  
  70  6:48  Zergling x2  
  72  7:02  Hydralisk x3  
  71  7:20  Roach x3  
  71  7:21  Zergling x2  
  71  7:22  Zergling x8  
  70  7:56  Roach x6  
  70  7:57  Roach x4  
  88  8:00  Overseer  
  83  8:20  Hydralisk x2  
  83  8:21  Roach  
  87  8:48  Drone x4  
  87  8:50  Overlord x2  
  90  8:59  Spine Crawler  
Show
View Real Time Build Order
Export as new Build Order

Slexis Terran - Winner!

Build Orders: Reaper Expand 

Get SALT Encoding   

  12  0:00  SCV  
  13  0:12  SCV  
  14  0:19  Supply Depot  
  14  0:24  SCV  
  15  0:40  SCV  
  15  0:42  Barracks  
  16  0:46  Refinery  
  16  0:53  SCV  
  17  1:05  SCV  
  18  1:17  SCV  
  19  1:29  Orbital Command  
  19  1:31  Reaper  
  20  1:42  Command Center  
  20  1:51  Supply Depot  
  20  1:54  SCV  
  21  2:04  Marine  
  22  2:08  Factory  
  22  2:14  SCV  
  23  2:19  Refinery  
  23  2:25  Barracks Reactor  
  23  2:26  SCV  
  24  2:38  SCV  
  25  2:50  SCV  
  26  3:16  Starport  
  26  3:18  Hellion, Marine  
  26  3:19  Hellion  
  31  3:21  SCV  
  31  3:22  Orbital Command  
  32  3:29  Supply Depot  
  32  3:33  SCV  
  33  3:41  Hellion x2, Barracks Tech Lab  
  33  3:45  SCV  
  38  3:49  SCV  
  38  3:53  Supply Depot  
  38  3:54  Starport Reactor  
  39  3:56  Barracks  
  39  3:58  SCV  
  39  4:02  SCV  
  41  4:04  Hellion  
  41  4:09  Factory  
  43  4:10  SCV  
  43  4:14  SCV  
  45  4:22  Armory, SCV  
  46  4:24  Engineering Bay  
  46  4:26  SCV  
  46  4:27  Armory  
  47  4:34  SCV, Supply Depot  
  47  4:37  Hellion  
  47  4:38  SCV  
  51  4:39  Hellion  
  51  4:44  Viking  
  55  4:46  SCV  
  55  4:50  SCV  
  57  4:57  Missile Turret  
  57  4:59  Missile Turret  
  57  5:00  SCV  
  57  5:02  SCV  
  59  5:12  SCV  
  59  5:13  Factory  
  59  5:14  SCV, Supply Depot  
  60  5:15  Terran Vehicle Weapons Level 1  
  61  5:24  Refinery  
  61  5:26  Refinery  
  61  5:27  Missile Turret  
  61  5:29  Missile Turret  
  56  5:44  Viking x2  
  55  6:03  Marine  
  51  6:14  Viking  
  53  6:21  Marine  
  54  6:39  Marine  
  53  6:57  Marine  
  53  6:59  Command Center  
  54  7:14  Marine  
  55  7:33  Hellion  
  55  8:01  Refinery  
  55  8:03  Supply Depot  
  55  8:04  Supply Depot  
  55  8:09  Viking  
  55  8:11  SCV, Hellion x2, Cyclone, Marine  
  62  8:17  Factory Tech Lab  
  60  8:20  SCV  
  60  8:23  SCV  
  62  8:28  Marine  
  62  8:32  SCV  
  64  8:35  SCV  
  65  8:44  SCV  
  65  8:45  Supply Depot  
  65  8:46  Marine  
  67  8:51  Hellion, Cyclone  
  67  8:52  Hellion  
  67  8:55  Hellion  
  76  9:02  Orbital Command  
  76  9:03  SCV  
  76  9:04  Marine  
  78  9:15  SCV  
  79  9:22  Supply Depot  
Show
View Real Time Build Order
Export as new Build Order

PANDANBK Protoss - Winner!

Build Orders:  

Get SALT Encoding   

  12  0:00  Probe  
  13  0:12  Probe  
  14  0:18  Pylon  
  14  0:32  Probe (Chrono Boost)  
  16  0:43  Probe (Chrono Boost)  
  16  0:45  Gateway  
  16  0:51  Assimilator  
  16  0:52  Probe  
  16  0:56  Assimilator  
  17  1:15  Probe (Chrono Boost)  
  18  1:27  Probe (Chrono Boost)  
  19  1:33  Probe (Chrono Boost)  
  19  1:36  Cybernetics Core  
  19  1:37  Gateway  
  20  1:41  Gateway  
  20  1:48  Probe  
  21  2:00  Probe  
  22  2:15  Probe  
  23  2:16  Warp Gate (Chrono Boost)  
  23  2:37  Pylon  
  23  2:38  Pylon  
  23  2:50  Pylon  
  23  3:04  Gateway  
  23  3:05  Gateway  
  23  3:08  Adept  
  23  3:09  Adept x2  
  29  3:38  Adept  
  29  3:39  Adept x2  
  35  3:47  Nexus  
  35  4:08  Adept  
  37  4:22  Stalker  
  37  4:23  Stalker x2  
  43  4:32  Pylon  
  43  4:50  Stalker  
  43  4:52  Stalker x2  
  49  5:05  Stalker  
  51  5:07  Zealot  
  53  5:25  Stalker x2  
  55  6:34  Stalker  
  55  6:35  Stalker x4  
  65  7:32  Stalker x2  
  69  7:38  Pylon  
  69  7:40  Pylon  
  69  7:41  Pylon  
  69  7:42  Pylon  
  65  8:24  Stalker x2  
  65  8:25  Stalker x3  
  71  8:42  Probe  
  70  8:54  Probe  
  68  9:06  Probe  
Tags
 
Add a new tag
Caveats
  • Supply blocks, unpowered buildings, or Contaminate may cause inaccurate times.
  • Supply counts are checked every 10 seconds.